BSA
IRVINE GANG GREEN @ CHICAGO MACHINE
06/30/2028
 
TOP OF THE 1ST
Irvine Gang Green batting - Pitching for Chicago Machine : RHP Aaron Thrash
Pitching: RHP Aaron Thrash
Batting: RHB Tom Doherty 0-0: Called Strike
0-1: Hit by Pitch
Batting: RHB José Salazar 0-0: Ball
1-0: Called Strike
1-1: Ball
2-1: DOUBLE (Line Drive, 7LM)
Tom Doherty to third
Batting: LHB Tom Baker 0-0: Ball
1-0: Foul Ball, location: 2F
1-1: Foul Ball, location: 2F
1-2: Foul Ball, location: 2F
1-2: Ball
2-2: Ball
3-2: Fly out, F7 (Flyball, 7LS)
Batting: LHB Víctor Quiñones 0-0: Called Strike
0-1: Called Strike
0-2: Ball
1-2: Strikes out swinging
Batting: RHB Buck Jones 0-0: Called Strike
0-1: Swinging Strike
0-2: Ball
1-2: Ball
2-2: Ball
3-2: Fly out, F9 (Flyball, 9S)
Top of the 1st over - 0 run(s), 1 hit(s), 0 error(s), 2 left on base; Irvine 0 - Chicago 0
BOTTOM OF THE 1ST
Chicago Machine batting - Pitching for Irvine Gang Green : RHP Alfredo Montalvo
Pitching: RHP Alfredo Montalvo
Batting: RHB Nick Harris 0-0: Ball
1-0: Ground out 1-3 (Groundball, 13S)
Batting: RHB Alden Isenhood 0-0: Ball
1-0: Ground out 5-3 (Groundball, 5)
Batting: RHB Doug Stephens 0-0: Ball
1-0: Ground out 6-3 (Groundball, 6)
Bottom of the 1st over - 0 run(s), 0 hit(s), 0 error(s), 0 left on base; Irvine 0 - Chicago 0
TOP OF THE 2ND
Irvine Gang Green batting - Pitching for Chicago Machine : RHP Aaron Thrash
Batting: LHB José Sánchez 0-0: Called Strike
0-1: Called Strike
0-2: Ball
1-2: Foul Ball, location: 2F
1-2: Ball
2-2: Ball
3-2: Fly out, F7 (Flyball, 7)
Batting: RHB Eichiro Yamamoto 0-0: Called Strike
0-1: Fly out, F8 (Flyball, 8LM)
Batting: LHB Jorge Martínez 0-0: Foul Ball, location: 2F
0-1: Swinging Strike
0-2: SOLO HOME RUN (Flyball, 89XD), Distance : 424 ft
Batting: SHB Carlos Córdova 0-0: Swinging Strike
0-1: Called Strike
0-2: Strikes out swinging
Top of the 2nd over - 1 run(s), 1 hit(s), 0 error(s), 0 left on base; Irvine 1 - Chicago 0
BOTTOM OF THE 2ND
Chicago Machine batting - Pitching for Irvine Gang Green : RHP Alfredo Montalvo
Batting: SHB José Alomar 0-0: Ball
1-0: Called Strike
1-1: Ball
2-1: Swinging Strike
2-2: Fly out, F8 (Flyball, 8RS)
Batting: RHB Lorenzo Guzmán 0-0: Called Strike
0-1: Foul Ball, location: 2F
0-2: Ground out 5-3 (Groundball, 56S)
Batting: SHB Joaquín López 0-0: Ball
1-0: Ground out 4-3 (Groundball, 4)
Bottom of the 2nd over - 0 run(s), 0 hit(s), 0 error(s), 0 left on base; Irvine 1 - Chicago 0
TOP OF THE 3RD
Irvine Gang Green batting - Pitching for Chicago Machine : RHP Aaron Thrash
Batting: RHB Tom Doherty 0-0: Called Strike
0-1: Ball
1-1: SINGLE (Line Drive, 4D)
Batting: RHB José Salazar 0-0: Ball
1-0: Foul Ball, location: 2F
1-1: Called Strike
1-2: Ball
2-2: Strikes out swinging
Batting: LHB Tom Baker 0-0: DOUBLE (Line Drive, 9LM)
Tom Doherty to third
Batting: LHB Víctor Quiñones 0-0: Ball
1-0: Foul Ball, location: 2F
1-1: Fly out, F7 (Flyball, 78S)
Runner from 3rd tags up, SCORES, no throw
Batting: RHB Buck Jones 0-0: Ball
1-0: Fly out, F8 (Line Drive, 8RM)
Top of the 3rd over - 1 run(s), 2 hit(s), 0 error(s), 1 left on base; Irvine 2 - Chicago 0
BOTTOM OF THE 3RD
Chicago Machine batting - Pitching for Irvine Gang Green : RHP Alfredo Montalvo
Batting: RHB Roberto Tobías 0-0: Swinging Strike
0-1: Ball
1-1: Ball
2-1: Ground out 5-3 (Groundball, 56)
Batting: RHB Gonzalo Gil 0-0: Called Strike
0-1: Ground out 4-3 (Groundball, 4MS)
Batting: SHB Jesús Ramírez 0-0: Swinging Strike
0-1: Fly out, F4 (Flyball, 4MD)
Bottom of the 3rd over - 0 run(s), 0 hit(s), 0 error(s), 0 left on base; Irvine 2 - Chicago 0
TOP OF THE 4TH
Irvine Gang Green batting - Pitching for Chicago Machine : RHP Aaron Thrash
Batting: LHB José Sánchez 0-0: Ball
1-0: Ball
2-0: SINGLE (Line Drive, 9LS)
Batting: RHB Eichiro Yamamoto 0-0: Swinging Strike
0-1: Called Strike
0-2: Foul Ball, location: 2F
0-2: Fielders Choice at 2nd, 3-6 (Groundball, 3)
Batting: LHB Jorge Martínez 0-0: Called Strike
Eichiro Yamamoto steals 2nd base
0-1: Fly out, F8 (Flyball, 8RM)
Batting: SHB Carlos Córdova 0-0: Ball
1-0: Ball
2-0: Foul Ball, location: 2F
2-1: Called Strike
2-2: Foul Ball, location: 2F
2-2: Ground out U3 (Groundball, 3)
Top of the 4th over - 0 run(s), 1 hit(s), 0 error(s), 1 left on base; Irvine 2 - Chicago 0
BOTTOM OF THE 4TH
Chicago Machine batting - Pitching for Irvine Gang Green : RHP Alfredo Montalvo
Batting: RHB Nick Harris 0-0: Ball
1-0: Ground out 6-3 (Groundball, 6M)
Batting: RHB Alden Isenhood 0-0: Called Strike
0-1: Foul Ball, location: 2F
0-2: Foul Ball, location: 2F
0-2: Ball
1-2: DOUBLE (Line Drive, 8RD)
Batting: RHB Doug Stephens 0-0: Ball
1-0: Ball
2-0: Fly out, F7 (Line Drive, 7)
Batting: SHB José Alomar 0-0: Called Strike
0-1: Ball
1-1: Foul Ball, location: 2F
1-2: Ball
2-2: Strikes out looking
Bottom of the 4th over - 0 run(s), 1 hit(s), 0 error(s), 1 left on base; Irvine 2 - Chicago 0
TOP OF THE 5TH
Irvine Gang Green batting - Pitching for Chicago Machine : RHP Aaron Thrash
Batting: RHB Tom Doherty 0-0: Ground out U3 (Groundball, 34)
Batting: RHB José Salazar 0-0: Ball
1-0: DOUBLE (Line Drive, 7LS)
Batting: LHB Tom Baker 0-0: Foul Ball, location: 2F
0-1: Ball
1-1: Fly out, F8 (Flyball, 8LD)
Runner from 2nd tags up, SAFE at 3rd, no throw
Batting: LHB Víctor Quiñones 0-0: Ball
1-0: Foul Ball, location: 2F
1-1: Ball
2-1: Ball
3-1: DOUBLE (Flyball, 89M)
José Salazar scores
Batting: RHB Buck Jones 0-0: Ball
1-0: Foul Ball, location: 2F
1-1: SINGLE (Flyball, 9LS)
Víctor Quiñones to third
Batting: LHB José Sánchez 0-0: Ball
1-0: Ball
2-0: Called Strike
2-1: Foul Ball, location: 2F
2-2: Fielders Choice at 2nd, 4-6 (Groundball, 34)
Top of the 5th over - 1 run(s), 3 hit(s), 0 error(s), 1 left on base; Irvine 3 - Chicago 0
BOTTOM OF THE 5TH
Chicago Machine batting - Pitching for Irvine Gang Green : RHP Alfredo Montalvo
Batting: RHB Lorenzo Guzmán 0-0: Ball
1-0: Swinging Strike
1-1: DOUBLE (Line Drive, 7LM)
Batting: SHB Joaquín López 0-0: Ball
1-0: Ball
2-0: Called Strike
2-1: SINGLE (Groundball, 3D)
Lorenzo Guzmán to third
Runner from 3rd tries for Home, throw and OUT!
Joaquín López to second
Batting: RHB Roberto Tobías 0-0: Ball
1-0: Foul Ball, location: 2F
1-1: Foul Ball, location: 2F
1-2: Foul Ball, location: 2F
1-2: Foul Ball, location: 2F
1-2: Foul Ball, location: 2F
1-2: Ball
2-2: Strikes out swinging
Batting: RHB Gonzalo Gil 0-0: Ground out 6-3 (Groundball, 6)
Bottom of the 5th over - 0 run(s), 2 hit(s), 0 error(s), 1 left on base; Irvine 3 - Chicago 0
TOP OF THE 6TH
Irvine Gang Green batting - Pitching for Chicago Machine : RHP Aaron Thrash
Batting: RHB Eichiro Yamamoto 0-0: Ball
1-0: Called Strike
1-1: Ball
2-1: Ground out 6-3 (Groundball, 6)
Batting: LHB Jorge Martínez 0-0: Foul Ball, location: 2F
0-1: Ball
1-1: Swinging Strike
1-2: Ball
2-2: Foul Ball, location: 2F
2-2: Foul Ball, location: 2F
2-2: Ball
3-2: Fly out, F8 (Flyball, 8RM)
Batting: SHB Carlos Córdova 0-0: Foul Ball, location: 2F
0-1: Ball
1-1: Ball
2-1: Swinging Strike
2-2: Ground out 6-3 (Groundball, 6)
Top of the 6th over - 0 run(s), 0 hit(s), 0 error(s), 0 left on base; Irvine 3 - Chicago 0
BOTTOM OF THE 6TH
Chicago Machine batting - Pitching for Irvine Gang Green : RHP Alfredo Montalvo
Batting: SHB Jesús Ramírez 0-0: Called Strike
0-1: Ball
1-1: Ball
2-1: Bunt for hit - play at first, batter OUT! 1-3
Batting: RHB Nick Harris 0-0: Ground out 4-3 (Groundball, 4)
Batting: RHB Alden Isenhood 0-0: Fly out, F8 (Flyball, 8LM)
Bottom of the 6th over - 0 run(s), 0 hit(s), 0 error(s), 0 left on base; Irvine 3 - Chicago 0
TOP OF THE 7TH
Irvine Gang Green batting - Pitching for Chicago Machine : RHP Aaron Thrash
Batting: RHB Tom Doherty 0-0: Called Strike
0-1: Ball
1-1: Foul Ball, location: 2F
1-2: SINGLE (Groundball, 6MD)
Batting: RHB José Salazar 0-0: Ball
Wild Pitch!
Tom Doherty to second
1-0: Swinging Strike
1-1: Ground out 6-3 (Groundball, 6)
Batting: LHB Tom Baker 0-0: Called Strike
0-1: Ball
1-1: Ground out 4-3 (Groundball, 4)
Tom Doherty to third
Batting: LHB Víctor Quiñones 0-0: Ball
1-0: Foul Ball, location: 2F
1-1: Foul Ball, location: 2F
1-2: Ball
2-2: Fly out, F8 (Flyball, 8LXD)
Top of the 7th over - 0 run(s), 1 hit(s), 0 error(s), 1 left on base; Irvine 3 - Chicago 0
BOTTOM OF THE 7TH
Chicago Machine batting - Pitching for Irvine Gang Green : RHP Alfredo Montalvo
Batting: RHB Doug Stephens 0-0: Foul Ball, location: 2F
0-1: Ball
1-1: Ball
2-1: SOLO HOME RUN (Flyball, 7D), Distance : 403 ft
Batting: SHB José Alomar 0-0: Foul Ball, location: 2F
0-1: Ball
1-1: Ball
2-1: Ground out 5-3 (Groundball, 56S)
Batting: RHB Lorenzo Guzmán 0-0: Ball
1-0: Called Strike
1-1: Called Strike
1-2: Strikes out swinging, 2-3 out at first.
Batting: SHB Joaquín López 0-0: Foul Ball, location: 2F
0-1: Called Strike
0-2: Ground out 3-1 (Groundball, 34)
Bottom of the 7th over - 1 run(s), 1 hit(s), 0 error(s), 0 left on base; Irvine 3 - Chicago 1
TOP OF THE 8TH
Irvine Gang Green batting - Pitching for Chicago Machine : RHP Aaron Thrash
Pitching: RHP Juan Rodríguez
Batting: RHB Buck Jones 0-0: Called Strike
0-1: Ball
1-1: Foul Ball, location: 2F
1-2: Ball
2-2: Ball
3-2: Base on Balls
Batting: LHB José Sánchez 0-0: Ball
1-0: Ball
2-0: Ball
3-0: Called Strike
3-1: Base on Balls
Buck Jones to second
Batting: RHB Eichiro Yamamoto 0-0: Bunted foul
0-1: Ball
1-1: Bunted foul
1-2: Strikes out swinging
Batting: LHB Jorge Martínez 0-0: Fly out, F4 (Popup, 4D)
Batting: SHB Carlos Córdova 0-0: Swinging Strike
0-1: Swinging Strike
0-2: Strikes out swinging
Top of the 8th over - 0 run(s), 0 hit(s), 0 error(s), 2 left on base; Irvine 3 - Chicago 1
BOTTOM OF THE 8TH
Chicago Machine batting - Pitching for Irvine Gang Green : RHP Alfredo Montalvo
Batting: RHB Roberto Tobías 0-0: Ground out 6-3 (Groundball, 6)
Batting: RHB Gonzalo Gil 0-0: Called Strike
0-1: Ball
1-1: Ball
2-1: Ball
3-1: Base on Balls
Batting: SHB Jesús Ramírez 0-0: Ball
1-0: Swinging Strike
1-1: Swinging Strike
1-2: Foul Ball, location: 2F
1-2: Ball
2-2: Strikes out swinging
Batting: RHB Nick Harris 0-0: Called Strike
0-1: SINGLE (Line Drive, 7S)
Gonzalo Gil to second
Batting: RHB Alden Isenhood 0-0: Ball
1-0: Ball
2-0: Ball
3-0: Base on Balls
Gonzalo Gil to third
Nick Harris to second
Batting: RHB Doug Stephens 0-0: Foul Ball, location: 2F
0-1: Fly out, F6 (Popup, 6D)
Bottom of the 8th over - 0 run(s), 1 hit(s), 0 error(s), 3 left on base; Irvine 3 - Chicago 1
TOP OF THE 9TH
Irvine Gang Green batting - Pitching for Chicago Machine : RHP Juan Rodríguez
Batting: RHB Tom Doherty 0-0: Ball
1-0: Ball
2-0: SINGLE (Line Drive, 56)
Batting: RHB José Salazar 0-0: Ball
1-0: Called Strike
1-1: Ball
2-1: SINGLE (Line Drive, 7S)
Tom Doherty to second
Pitching: RHP Víctor Reyes
Batting: LHB Tom Baker 0-0: Called Strike
0-1: Grounds into double play, 4-6-3 (Groundball, 4)
Tom Doherty to third
Batting: LHB Víctor Quiñones 0-0: Ball
1-0: Foul Ball, location: 2F
1-1: Swinging Strike
1-2: Ball
2-2: Ball
3-2: Foul Ball, location: 2F
3-2: Foul Ball, location: 2F
3-2: Base on Balls
Batting: RHB Buck Jones 0-0: Foul Ball, location: 2F
0-1: Swinging Strike
0-2: Ball
1-2: Fielders Choice at 2nd, 5-4 (Groundball, 5L)
Top of the 9th over - 0 run(s), 2 hit(s), 0 error(s), 1 left on base; Irvine 3 - Chicago 1
BOTTOM OF THE 9TH
Chicago Machine batting - Pitching for Irvine Gang Green : RHP Alfredo Montalvo
Pitching: RHP Mike Fisher
Batting: SHB José Alomar 0-0: Called Strike
0-1: Swinging Strike
0-2: Foul Ball, location: 2F
0-2: Foul Ball, location: 2F
0-2: Ball
1-2: Foul Ball, location: 2F
1-2: Ball
2-2: Strikes out swinging
Batting: RHB Lorenzo Guzmán 0-0: Ball
1-0: Ball
2-0: Called Strike
2-1: Ball
3-1: Fly out, F9 (Flyball, 9LMF)
Batting: SHB Joaquín López 0-0: Foul Ball, location: 2F
0-1: Swinging Strike
0-2: Ball
1-2: Ball
2-2: Strikes out swinging
Bottom of the 9th over - 0 run(s), 0 hit(s), 0 error(s), 0 left on base; Irvine 3 - Chicago 1
Tuesday, August 8th, 2017 - OOTP Baseball 17.12 Build 75